 Dungeon Crawl Stone Soup version 0.24-a0-524-gf43b32f898 (webtiles) character file.

Game seed: 7884718791624445189

651 Peloso the Slasher (level 7, -2/60 HPs)
             Began as a Minotaur Fighter on July 31, 2019.
             Slain by a centaur (5 damage)
             ... on level 5 of the Dungeon.
             The game lasted 00:05:23 (3218 turns).

Peloso the Slasher (Minotaur Fighter)               Turns: 3218, Time: 00:05:23

Health: -2/60      AC: 12    Str: 21    XL:     7   Next: 28%
Magic:  6/6        EV:  4    Int:  5    God:
Gold:   206        SH: 10    Dex: 11    Spells: 6/6 levels left

rFire    . . .     SeeInvis .   a - +0 long sword
rCold    . . .     Gourm    .   c - +0 shield
rNeg     . . .     Faith    .   h - +0 plate armour
rPois    .         Spirit   .   (helmet restricted)
rElec    .         Reflect  .   (no cloak)
rCorr    .         Harm     .   (no gloves)
MR       .....                  (no boots)
Stlth    ..........             (no amulet)
HPRegen  0.20/turn              (no ring)
MPRegen  0.10/turn              (no ring)

@: no status effects
A: retaliatory headbutt, horns 2
a: no special abilities


You were on level 5 of the Dungeon.
You were hungry.

You visited 1 branch of the dungeon, and saw 5 of its levels.

You collected 206 gold pieces.

Inventory:

Hand Weapons
 a - a +0 long sword (weapon)
Armour
 b - a +0 scale mail
 c - a +0 shield (worn)
 h - a +0 plate armour (worn)
Jewellery
 p - an uncursed ring of stealth {unknown}
Wands
 m - a wand of digging (14)
 o - a wand of iceblast (7)
Scrolls
 e - 2 scrolls of teleportation {unknown}
 i - 4 scrolls of magic mapping {unknown}
 j - 2 scrolls of amnesia {unknown}
 l - a scroll of random uselessness {unknown}
 r - 2 scrolls of immolation {unknown}
Potions
 d - 2 potions of lignification {unknown}
 g - 2 potions of agility {unknown}
 k - a potion of haste {unknown}
 n - a potion of brilliance {unknown}
 q - a potion of cancellation {unknown}
Comestibles
 f - 11 rations


   Skills:
 + Level 4.9 Fighting
 + Level 6.4 Long Blades
 + Level 5.0 Armour
 + Level 0.6 Dodging
 + Level 0.2 Stealth
 + Level 6.4 Shields
 + Level 0.1 Evocations


You had 6 spell levels left.
You didn't know any spells.
Your spell library was empty.

Dungeon Overview and Level Annotations

Branches:
Dungeon (5/15)
 Temple: D:4-7

Altars:
Ashenzari
Ru
Trog
Vehumet

Annotations:
D:4 exclusion: statue


Innate Abilities, Weirdness & Mutations

You reflexively headbutt those who attack you in melee.
You have a pair of horns on your head.


Message History

The centaur hits you but does no damage.
You block the ice beast's attack. The hound barely misses you.
The centaur hits you.
* * * LOW HITPOINT WARNING * * *
The centaur hits you.
* * * LOW HITPOINT WARNING * * *
The hound barely misses you. You furiously retaliate!
You headbutt the hound!
You kill the hound!
You block the centaur's attack.
The ice beast hits you but does no damage.
The centaur hits you but does no damage.
You block the centaur's attack. The centaur barely misses you.
The ice beast hits you.
* * * LOW HITPOINT WARNING * * *
The ice beast freezes you!
* * * LOW HITPOINT WARNING * * *
The water moccasin zombie bites you but does no damage.
The ice beast hits you but does no damage.
The centaur hits you.
You die...

.........## ......
..).......##.##...
## $................
... #..........$....
.... #.$(....#....
#...[ #.(.(........
#.>...###....(.#....
#....<....Y.(# ..
...$......@.Z.(#
......####.cc..#
....#. #.........
... # #...(.).... ##
........##...
...#......# ..
#..##......# . ##.
#.......


You could see an ice beast, 2 centaurs and a water moccasin zombie.

Vanquished Creatures
  Prince Ribbit (D:5)
  Sigmund (D:3)
  2 hounds
  An orc priest (D:4)
  Ijyb (D:3)
  Terence (D:3)
  Robin (D:3)
  5 adders
  An ooze (D:3)
  2 adder skeletons (D:4)
  2 worms
  A dart slug (D:2)
  5 leopard geckos
  5 orcs
  4 giant cockroaches
  17 goblins
  8 hobgoblins
  A quokka (D:4)
  8 bats
  2 frilled lizards
  6 kobolds
  7 rats
82 creatures vanquished.

Notes
Turn   | Place    | Note
-------+----------+-------------------------------------------
     0 | D:1      | Peloso the Minotaur Fighter began the quest for the Orb.
     0 | D:1      | Reached XP level 1. HP: 19/19 MP: 0/0
   116 | D:1      | Reached XP level 2. HP: 14/27 MP: 1/1
   715 | D:2      | Reached XP level 3. HP: 21/33 MP: 2/2
   755 | D:2      | Found a sacrificial altar of Ru.
  1345 | D:3      | Reached XP level 4. HP: 41/41 MP: 3/3
  1369 | D:3      | Found a shattered altar of Ashenzari.
  1531 | D:3      | Noticed Ijyb
  1535 | D:3      | Found a bloodstained altar of Trog.
  1550 | D:3      | Killed Ijyb
  1623 | D:3      | Noticed Terence
  1630 | D:3      | Killed Terence
  1796 | D:3      | Reached XP level 5. HP: 45/47 MP: 4/4
  1863 | D:3      | Noticed Sigmund
  1869 | D:3      | Killed Sigmund
  1869 | D:3      | Reached skill level 5 in Long Blades
  1869 | D:3      | Reached skill level 5 in Shields
  1869 | D:3      | Reached XP level 6. HP: 42/53 MP: 5/5
  2048 | D:3      | Noticed Robin
  2062 | D:3      | Killed Robin
  3024 | D:4      | Found a radiant altar of Vehumet.
  3196 | D:5      | Entered Level 5 of the Dungeon
  3196 | D:5      | Noticed Prince Ribbit
  3200 | D:5      | Killed Prince Ribbit
  3200 | D:5      | Reached skill level 5 in Armour
  3200 | D:5      | Reached XP level 7. HP: 60/60 MP: 6/6
  3216 | D:5      | HP: 3/60 [ice beast (7)]
  3218 | D:5      | Slain by a centaur

Levels and vault maps discovered:
D:1:      lightli_arrival_boilingwater, layout_loops_ring,
          chequers_serial_rivers_micro_c
D:2:      layout_rooms, nicolae_ru_awakened_eye
D:3:      layout_loops_corners, cheibrodos_ashenzari_chains, first_ration,
          lemuel_tele_altar, uniq_ijyb, uniq_robin, uniq_sigmund, uniq_terence
D:4:      lemuel_upstairs_altar, layout_loops_corners, vehumet_statue,
          minmay_cupped
D:5:      layout_cave_pools, lemuel_coloured_pillars_altar, tgw_xom,
          uniq_prince_ribbit1

Skill      XL: |  1  2  3  4  5  6 |
---------------+-------------------+-----
Fighting       | 4 |  4.9
Shields        | 4 5 6 |  6.4
Long Blades    | 3 4 5 6 |  6.4
Armour         | 4 5 |  5.0
Dodging        | |  0.6
Stealth        | |  0.2
Evocations     | |  0.1

Action                   |  1- 3 |  4- 6 |  7- 9 || total
-------------------------+-------+-------+-------++-------
Melee: Long sword        |   127 |   153 |     7 ||   287
       Headbutt          |    10 |    26 |     2 ||    38
Evoke: Wand              |       |     2 |     1 ||     3
  Use: Potion            |       |     1 |       ||     1
  Eat: Chunk             |     2 |     5 |       ||     7
Armor: Scale mail        |    17 |       |       ||    17
       Plate armour      |    92 |    88 |    15 ||   195
Dodge: Dodged            |    25 |    33 |     8 ||    66
Block: Shield            |    91 |    97 |    17 ||   205
       Rpst.: Long sword |     6 |    13 |     1 ||    20

Table legend:
 A = Non-vault XP
 B = Vault XP
 C = Vault XP percentage of total XP
 D = Non-vault monster count
 E = Vault monster count
 F = Vault count percentage of total count
                 A         B        C        D         E       F
            +---------+---------+-------+---------+---------+-------
      Total |     302 |     628 |  67.5 |      64 |      18 |  22.0
            +---------+---------+-------+---------+---------+-------
        D:1 |      32 |       0 |   0.0 |      18 |       0 |   0.0
        D:2 |      63 |       0 |   0.0 |      19 |       0 |   0.0
        D:3 |      36 |     327 |  90.1 |      15 |      15 |  50.0
        D:4 |     126 |      18 |  12.5 |      10 |       2 |  16.7
        D:5 |      45 |     283 |  86.3 |       2 |       1 |  33.3
            +---------+---------+-------+---------+---------+-------
